 Dungeon Crawl Stone Soup version 0.20.0-15-g7f486f2 (webtiles) character file.

1689 Gorglomux the Grappler (level 9, -14/79 HPs)
             Began as a Ghoul Monk on June 9, 2017.
             Was a Follower of Ru.
             Demolished by a two-headed ogre
             ... wielding a +0 giant spiked club
              (27 damage)
             ... on level 6 of the Dungeon.
             The game lasted 00:12:39 (5374 turns).

Gorglomux the Grappler (Ghoul Monk)                 Turns: 5374, Time: 00:12:40

Health: -14/79     AC:  9    Str: 15    XL:     9   Next: 2%
Magic:  8/8        EV:  7    Int:  5    God:    Ru [*.....]
Gold:   409        SH:  3    Dex: 14    Spells: 8/8 levels left

rFire    . . .     SeeInvis .     - Unarmed
rCold    + . .     Gourm    .   (no shield)
rNeg     + + +     Faith    .   R - +0 chain mail
rPois    ∞         Spirit   .   (no helmet)
rElec    .         Reflect  +   (no cloak)
rCorr    +         Harm     .   (no gloves)
MR       .....                  (no boots)
Stlth    ..........             B - +3 amulet of reflection
Regen    0.0/turn               g - ring of resist corrosion
MPRegen  0.2/turn               (no ring)

@: very slightly contaminated, rotting, invisible
A: rotting body, claws 1, carnivore 3, cold resistance 1, negative energy
resistance 3, inhibited regeneration, torment resistance, unbreathing, hated by
all
a: Renounce Religion


You were on level 6 of the Dungeon.
You worshipped Ru.
Ru was aware of your devotion.
You were hungry.

You visited 2 branches of the dungeon, and saw 7 of its levels.
You also visited: Sewer.

You collected 409 gold pieces.

Inventory:

Armour
 R - a +0 chain mail (worn)
Jewellery
 g - a ring of resist corrosion (left claw)
 r - an uncursed amulet of regeneration
 B - a +3 amulet of reflection (around neck)
 N - an uncursed ring of flight {unknown}
Scrolls
 E - a scroll of fog {unknown}
 G - 2 scrolls of amnesia {unknown}
 I - a scroll of magic mapping {unknown}
 L - a scroll of immolation {unknown}
 M - 5 scrolls of remove curse
 S - 2 scrolls of enchant weapon {unknown}
 T - 5 scrolls of teleportation
 U - a scroll of blinking {unknown}
 X - a scroll of enchant armour {unknown}
 Y - a scroll of recharging {unknown}
Potions
 F - 3 potions of brilliance
 H - 2 potions of invisibility
 J - a potion of ambrosia {unknown}
 K - a potion of mutation {unknown}
 O - a potion of haste {unknown}
 P - 2 potions of heal wounds
 Q - 2 potions of curing
 V - 2 potions of flight {unknown}
 W - a potion of degeneration {unknown}
 Z - 2 potions of magic {unknown}
Comestibles
 z - 3 meat rations
 C - 5 royal jellies
 D - 2 chunks of flesh


   Skills:
 - Level 7.0 Fighting
 + Level 4.8 Armour
 - Level 2.6 Dodging
 - Level 2.1 Stealth
 + Level 9.3 Unarmed Combat


You had 8 spell levels left.
You didn't know any spells.

Dungeon Overview and Level Annotations

Branches:
Dungeon (6/15)             Temple (1/1) D:6

Altars:
Ashenzari
Dithmenos
Elyvilon
Fedhas
Gozag
Hepliaklqana
Kikubaaqudgha
Makhleb
Nemelex Xobeh
Okawaru
Qazlal
Ru
Trog
Uskayaw
Vehumet
Xom
Yredelemnul
Zin
The Shining One


Innate Abilities, Weirdness & Mutations

Your body is rotting away.
You thrive on raw meat.
You are immune to poison.
You have sharp fingernails.
You are carnivorous and can eat meat at any time.
Your flesh is cold resistant. (rC+)
You are immune to negative energy. (rN+++)
You do not regenerate when monsters are visible.
You are immune to unholy pain and torment.
You can survive without breathing.
You are hated by all.


Message History

The two-headed ogre hits you with a giant spiked club!!
The two-headed ogre barely misses you.
You are very lightly contaminated with residual magic.
You scratch the two-headed ogre.
The two-headed ogre is lightly wounded.
The two-headed ogre hits you with a giant spiked club.
The two-headed ogre hits you with a giant club!!
You claw the two-headed ogre!
The two-headed ogre is moderately wounded.
Your chain mail prevents you from hitting the two-headed ogre.
The two-headed ogre is moderately wounded.
The two-headed ogre hits you with a giant spiked club!!
* * * LOW HITPOINT WARNING * * *
The two-headed ogre hits you with a giant club.
* * * LOW HITPOINT WARNING * * *
You barely miss the two-headed ogre.
The two-headed ogre is moderately wounded.
You are feeling hungry.
The two-headed ogre hits you with a giant spiked club!!
You die...

#####
###############...#
................#.#
.....##########..>#
####....## ##.##
..)......# #.#
####.....# #O###
..##.....# #@..#
...#.....# #.#.###
...'..8..' #.....#
...#.....#.
#.....########
..##.....#
#............# ##
###+###
#.....######.#
#.....# #.# ####
#>..### #.# ...#
#..<# #.##


You could see a two-headed ogre.

Vanquished Creatures
  Grinder (D:3)
  Duvessa (D:4)
  A sky beast (D:5)
  A phantom (D:5)
  2 bullfrogs (D:6)
  Blork the orc (D:5)
  Dowan (D:4)
  2 scorpions (D:5)
  4 wights (D:6)
  A crimson imp (D:5)
  A bullfrog zombie (D:6)
  A jelly (D:5)
  A centaur skeleton (D:5)
  2 orc priests (D:5)
  A bullfrog skeleton (D:6)
  A hound (D:5)
  An iguana (D:4)
  Jessica (D:3)
  3 orc wizards
  A hound skeleton (D:4)
  A hound zombie (D:3)
  11 adders
  A river rat (D:3)
  An ooze (D:1)
  2 adder zombies
  7 worms
  3 dart slugs
  10 leopard geckos
  11 orcs
  6 giant cockroaches
  3 goblins
  9 hobgoblins
  17 jackals
  3 quokkas
  5 ball pythons
  15 bats
  5 frilled lizards
  3 giant cockroach zombies
  6 kobolds
  4 rats
151 creatures vanquished.

Vanquished Creatures (others)
  A wight (D:6)
1 creature vanquished.

Grand Total: 152 creatures vanquished

Notes
Turn   | Place    | Note
-------+----------+-------------------------------------------
     0 | D:1      | Gorglomux the Ghoul Monk began the quest for the Orb.
     0 | D:1      | Reached XP level 1. HP: 19/19 MP: 0/0
   134 | D:1      | Reached XP level 2. HP: 25/25 MP: 1/1
   341 | D:1      | Reached skill level 4 in Unarmed Combat
   423 | D:1      | Reached XP level 3. HP: 32/33 MP: 2/2
  1070 | D:2      | Found a glowing silver altar of Zin.
  1483 | D:3      | Noticed Jessica
  1488 | D:3      | Reached XP level 4. HP: 37/41 MP: 3/3
  1512 | D:3      | Killed Jessica
  1799 | D:3      | Reached skill level 5 in Unarmed Combat
  1799 | D:3      | Reached XP level 5. HP: 19/48 MP: 4/4
  2203 | D:3      | Found a glowing drain.
  2226 | Sewer    | Entered a sewer
  2662 | D:3      | Reached XP level 6. HP: 51/56 MP: 5/5
  2682 | D:3      | Noticed Grinder
  2688 | D:3      | Paralysed by Grinder for 5 turns
  2712 | D:3      | Paralysed by Grinder for 3 turns
  2716 | D:3      | Killed Grinder
  2716 | D:3      | Reached skill level 6 in Fighting
  2716 | D:3      | Reached skill level 6 in Unarmed Combat
  2906 | D:3      | Reached XP level 7. HP: 62/63 MP: 6/6
  3458 | D:4      | Noticed Duvessa
  3458 | D:4      | Noticed Dowan
  3473 | D:4      | Killed Duvessa
  3484 | D:4      | Killed Dowan
  3484 | D:4      | Reached skill level 7 in Unarmed Combat
  3603 | D:5      | Entered Level 5 of the Dungeon
  3792 | D:5      | Reached skill level 1 in Armour
  3839 | D:5      | Reached XP level 8. HP: 71/73 MP: 7/7
  3908 | D:5      | Reached skill level 8 in Unarmed Combat
  4227 | D:5      | Reached skill level 3 in Armour
  4593 | D:5      | Noticed Blork the orc
  4603 | D:5      | Killed Blork the orc
  4839 | D:6      | Noticed a two-headed ogre
  5073 | D:6      | Found a staircase to the Ecumenical Temple.
  5091 | Temple   | Entered the Ecumenical Temple
  5190 | Temple   | Became a worshipper of Ru the Awakened
  5218 | D:6      | Gained mutation: You are hated by all. [Ru sacrifice]
  5218 | D:6      | Reached * piety under Ru
  5296 | D:6      | Reached skill level 9 in Unarmed Combat
  5310 | D:6      | Reached XP level 9. HP: 71/79 MP: 8/8
  5374 | D:6      | Demolished by a two-headed ogre

Skill      XL: |  1  2  3  4  5  6  7  8 |
---------------+-------------------------+-----
Unarmed Combat | 4 5 6 7 9 |  9.3
Fighting       | 4 5 6 7 |  7.0
Armour         | 1 4 |  4.8
Dodging        | |  2.6
Stealth        | |  2.1

Action                   |  1- 3 |  4- 6 |  7- 9 || total
-------------------------+-------+-------+-------++-------
Melee: Unarmed           |    81 |   209 |   287 ||   577
       Punch             |       |     3 |     5 ||     8
Invok: Sacrifice Love    |       |       |     1 ||     1
  Use: Scroll            |       |     3 |     3 ||     6
       Potion            |       |       |     3 ||     3
 Stab: Invisible         |       |       |     2 ||     2
       Sleeping          |       |       |     1 ||     1
  Eat: Chunk             |     5 |    18 |     4 ||    27
Armor: Robe              |     2 |       |       ||     2
       Ring mail         |    24 |   100 |    38 ||   162
       Chain mail        |       |       |    86 ||    86
Dodge: Dodged            |    45 |   131 |   124 ||   300
Block: Other             |       |       |     3 ||     3
